 Dungeon Sprint DCSS version 0.17-a0-1691-g18a3847 (webtiles) character file.

19551 Kidiri the Unseen (level 12, -1/51 HPs)
             Began as a Spriggan Enchanter on Aug 20, 2015.
             Was the Champion of Dithmenos.
             Slain by an anaconda (4 damage)
             ... in the Dungeon (Sprint III: "The Ten Rune Challenge").
             The game lasted 00:08:55 (1897 turns).

Kidiri the Unseen (Spriggan Enchanter)              Turns: 1897, Time: 00:08:55

Health: -1/51      AC:  4    Str:  6    XL:     12   Next: 37%
Magic:  21/32      EV: 31    Int: 19    God:    Dithmenos [******]
Gold:   12         SH:  0    Dex: 19    Spells: 8 memorised, 8 levels left

rFire  . . .     SeeInvis +     a - +1 dagger
rCold  . . .     Clarity  .     b - +1 robe
rNeg   + . .     SustAt   .     (shield restricted)
rPois  .         Gourm    .     (helmet restricted)
rElec  .         Spirit   .     m - +0 cloak
rCorr  .         Warding  .     (gloves unavailable)
rMut   .         NoTele   +     (boots unavailable)
MR     ++...                    (no amulet)
Stlth  ++++++++++               (no ring)
                                k - ring of positive energy

@: wreathed by umbra, constricted, very quick, very resistant to hostile
enchantments, uncannily stealthy
A: unfitting armour, horns 1, see invisible, herbivore 3, speed 3, slow
metabolism 2, spit poison 1, strong 1
a: Spit Poison, Shadow Step, Shadow Form, Renounce Religion


You were in the Dungeon.
You worshipped Dithmenos.
Dithmenos was exalted by your worship.
You were not hungry.

You visited 1 branch You collected 12 gold pieces.

Inventory:

Hand weapons
 a - a +1 dagger (weapon)
Armour
 b - a +1 robe (worn)
 m - a +0 cloak (worn)
Jewellery
 k - a ring of positive energy (left hand)
Magical devices
 l - a wand of polymorph (16)
 u - a wand of digging (20)
Scrolls
 j - a scroll of blinking
 o - a scroll of torment
 p - a scroll of identify
 t - a scroll of holy word
Potions
 e - 4 potions of curing
 f - 2 potions of heal wounds
 g - 2 potions of haste
 h - 2 potions of magic
 i - 3 potions of berserk rage
 n - a potion of might
 r - 3 potions of cure mutation
 s - 2 potions of flight
Books
 c - a book of Annihilations

   Spells                             Type                      Level
   a - Poison Arrow                   Conjuration/Poison           6
   b - Chain Lightning                Conjuration/Air              8
   c - Lehudib's Crystal Spear        Conjuration/Earth            8
   d - Glaciate                       Conjuration/Ice              9
   e - Fire Storm                     Conjuration/Fire             9
Comestibles
 d - a bread ration
 q - 25 royal jellies
 v - 6 fruits


   Skills:
 + Level 10.7 Short Blades
 * Level 18.0 Dodging
 * Level 19.8 Stealth
 * Level 15.7 Spellcasting
 + Level 7.2 Conjurations
 + Level 11.9 Hexes
 + Level 7.9 Ice Magic
 + Level 6.8 Air Magic
 + Level 5.2 Earth Magic
 + Level 8.4 Poison Magic
 - Level 2.4 Invocations


You had 8 spell levels left.
You knew the following spells:

 Your Spells              Type           Power        Failure   Level  Hunger
a - Corona                Hex            ######.      1%          1    None
b - Ensorcelled Hibernat  Hex/Ice        ######       1%          2    None
c - Confuse               Hex            ######..     1%          3    None
d - Tukima's Dance        Hex            ######..     1%          3    None
e - Dazzling Spray        Conj/Hex       ######..     1%          3    None
f - Poison Arrow          Conj/Pois      #####.....   28%         6    #####..
g - Chain Lightning       Conj/Air       #####.....   100%        8    #######
h - Lehudib's Crystal Sp  Conj/Erth      #####.....   100%        8    #######


Dungeon Overview and Level Annotations

Branches:
Dungeon (1/1)

Altars:
Cheibriados
Dithmenos
Elyvilon
Fedhas
Gozag
Kikubaaqudgha
Makhleb
Nemelex Xobeh
Okawaru
Qazlal
Ru
Sif Muna
Trog
Vehumet
Xom
Yredelemnul
Zin
The Shining One
Jiyva
Lugonu

Shops:
D [!}


Innate Abilities, Weirdness & Mutations

You are tiny and cannot use many weapons and most armour.
You have supernaturally acute eyesight.
You are a herbivore.
You cover ground extremely quickly.
You need consume almost no food.
You have a pair of small horns on your head.
You can spit weak poison.
Your muscles are strong. (Str +2)


Message History

The water moccasin completely misses you.
The anaconda completely misses you. The anaconda constricts you.
Unknown command.
You escape the anaconda's grasp.
Casting: Ensorcelled Hibernation
Confirm with . or Enter, or press ? or * to list all spells.
Aiming: Ensorcelled Hibernation
Press: ? - help, Shift-Dir - straight line, f/p - anaconda
Aim: an anaconda (umbra, chance to defeat MR: 55%)
The anaconda resists with some effort.
The anaconda grabs you. The anaconda completely misses you.
The anaconda constricts you. The anaconda bites you!
* * * LOW HITPOINT WARNING * * *
x2 The anaconda constricts you.
Unknown command.
Your attempt to break free from the anaconda fails, but you feel that another attempt might succeed.
The anaconda closely misses you.
* * * LOW HITPOINT WARNING * * *
The anaconda constricts you. The anaconda completely misses you.
You die...

####+#######♣ ♣♣♣♣.##..##≈≈≈≈≈≈
........)...♣♣ ♣...##.##.#≈≈≈≈≈.
############'♣ ♣♣.##.##.##+≈≈≈≈≈
#≈P.%........♣ ♣..#.##..(#≈≈..§
+≈≈.%%########♣♣
♣♣.##.##.)#≈..+#
#≈≈≈..%%%....PP♣
♣♣.##.#####...#)
#≈≈≈≈P†%PP....P♣
♣.....##......#♣
###########'#############+######
#.....@SS...###≈♣♣
#..†...S.....##♣.♣
###########..# ♣.♣♣ # ♣♣.♣ ♣.♣♣
♣.♣♣ ♣.%♣ ♣♣.♣♣ ♣♣≈♣


You could see an anaconda, a water moccasin and an adder.

Vanquished Creatures
  Rupert (D)
  Maud (D)
  Snorg (D)
  A centaur warrior (D)
  2 hydras (D)
  4 death yaks (D)
  3 death drakes (D)
  A spriggan druid (D)
  An unseen horror (D)
  A lindwurm (D)
  2 spiny frogs (D)
  2 black mambas (D)
  A fire drake (D)
  A komodo dragon (D)
  A deep elf priest (D)
  3 wandering mushrooms (D)
  A queen bee (D)
  8 blink frogs (D)
  2 spriggans (D)
  A shadow (D)
  3 redbacks (D)
  A spatial vortex (D)
  A necrophage (D)
  A swamp drake (D)
  2 centaurs (D)
  An earth elemental (D)
  2 swamp dragon skeletons (D)
  A water elemental (D)
  2 brain worms (D)
  32 killer bees (D)
  An electric eel (D)
  A jelly (D)
  Crazy Yiuf (D)
  Jessica (D)
  A necromancer (D)
  A wizard (D)
  3 humans (D)
  A kobold demonologist (D)
  2 adders (D)
  3 rats (D)
99 creatures vanquished.

Vanquished Creatures (others)
  2 draconian scorchers (D)
  A yaktaur (D)
  3 plants (D)
6 creatures vanquished.

Grand Total: 105 creatures vanquished

Notes
Turn   | Place    | Note
--------------------------------------------------------------
     0 | D        | Kidiri the Spriggan Enchanter began the quest for the Orb.
     0 | D        | Reached XP level 1. HP: 9/9 MP: 5/5
    37 | D        | Reached skill level 5 in Stealth
    40 | D        | Noticed Jessica
    45 | D        | Killed Jessica
    45 | D        | Reached skill level 6 in Stealth
    45 | D        | Reached XP level 2. HP: 13/13 MP: 6/8
    49 | D        | Learned a level 2 spell: Ensorcelled Hibernation
    67 | D        | Noticed Crazy Yiuf
    71 | D        | Killed Crazy Yiuf
    71 | D        | Reached skill level 5 in Dodging
    71 | D        | Reached skill level 7 in Stealth
    71 | D        | Reached skill level 5 in Spellcasting
    71 | D        | Reached XP level 3. HP: 16/16 MP: 8/10
    81 | D        | Learned a level 3 spell: Confuse
    85 | D        | Learned a level 3 spell: Tukima's Dance
    89 | D        | Learned a level 3 spell: Dazzling Spray
    94 | D        | Reached skill level 1 in Ice Magic
    94 | D        | Reached XP level 4. HP: 21/21 MP: 12/12
   104 | D        | Killed a yaktaur
   131 | D        | Gained mutation: You have large cloven feet. [potion of mutation]
   131 | D        | Gained mutation: You occasionally shout uncontrollably at your foes. [potion of mutation]
   131 | D        | Gained mutation: You tend to lose your temper in combat. [potion of mutation]
   132 | D        | Lost mutation: You have large cloven feet. [potion of cure mutation]
   132 | D        | Lost mutation: You occasionally shout uncontrollably at your foes. [potion of cure mutation]
   132 | D        | Lost mutation: You tend to lose your temper in combat. [potion of cure mutation]
   133 | D        | Gained mutation: You have a pair of small horns on your head. [potion of mutation]
   133 | D        | Gained mutation: Your muscles are strong. (Str +2) [potion of mutation]
   133 | D        | Gained mutation: You can spit weak poison. [potion of mutation]
   150 | D        | Noticed a water elemental
   152 | D        | Killed a water elemental
   152 | D        | Reached skill level 8 in Stealth
   152 | D        | Reached skill level 1 in Conjurations
   152 | D        | Reached skill level 5 in Hexes
   152 | D        | Reached XP level 5. HP: 24/24 MP: 12/14
   162 | D        | Noticed a jelly
   163 | D        | Noticed a shadow
   165 | D        | Killed a shadow
   165 | D        | Reached skill level 10 in Stealth
   165 | D        | Reached XP level 6. HP: 28/28 MP: 13/17
   168 | D        | Killed a jelly
   175 | D        | Found a stormy altar of Qazlal.
   176 | D        | Found a sacrificial altar of Ru.
   176 | D        | Found a burning altar of Makhleb.
   176 | D        | Found a viscous altar of Jiyva.
   176 | D        | Found a shimmering altar of Xom.
   176 | D        | Found a shadowy altar of Dithmenos.
   176 | D        | Found a sparkling altar of Nemelex Xobeh.
   176 | D        | Found a corrupted altar of Lugonu.
   176 | D        | Found an opulent altar of Gozag.
   176 | D        | Noticed a spatial vortex
   180 | D        | Became a worshipper of Dithmenos the Shadowed
   181 | D        | Killed a spatial vortex
   181 | D        | Reached skill level 5 in Short Blades
   181 | D        | Reached skill level 11 in Stealth
   181 | D        | Reached skill level 1 in Invocations
   222 | D        | Found a radiant altar of Vehumet.
   223 | D        | Found a deep blue altar of Sif Muna.
   223 | D        | Found an ancient bone altar of Kikubaaqudgha.
   223 | D        | Noticed a wizard
   224 | D        | Killed a wizard
   238 | D        | Learned a level 6 spell: Poison Arrow
   247 | D        | Found a glowing silver altar of Zin.
   248 | D        | Found a glowing golden altar of the Shining One.
   248 | D        | Found a white marble altar of Elyvilon.
   248 | D        | Noticed a deep elf priest
   250 | D        | Killed a deep elf priest
   250 | D        | Reached skill level 10 in Dodging
   250 | D        | Reached skill level 12 in Stealth
   250 | D        | Reached skill level 1 in Poison Magic
   250 | D        | Reached XP level 7. HP: 32/32 MP: 18/20
   265 | D        | Found an iron altar of Okawaru.
   266 | D        | Found a bloodstained altar of Trog.
   266 | D        | Noticed a human
   266 | D        | Noticed a human
   268 | D        | Killed a human
   269 | D        | Killed a human
   282 | D        | Found a basalt altar of Yredelemnul.
   282 | D        | Found a snail-covered altar of Cheibriados.
   282 | D        | Found a blossoming altar of Fedhas.
   282 | D        | Noticed a necrophage
   282 | D        | Noticed a necromancer
   284 | D        | Killed a necrophage
   284 | D        | Acquired Dithmenos's first power
   284 | D        | Reached XP level 8. HP: 36/36 MP: 22/22
   285 | D        | Killed a necromancer
   294 | D        | Killed a white draconian scorcher
   307 | D        | Noticed Snorg
   313 | D        | Killed Snorg
   313 | D        | Reached skill level 14 in Stealth
   313 | D        | Reached skill level 10 in Spellcasting
   316 | D        | Killed a white draconian scorcher
   323 | D        | Learned a level 8 spell: Chain Lightning
   327 | D        | Noticed an earth elemental
   330 | D        | Killed an earth elemental
   335 | D        | Noticed a centaur
   335 | D        | Noticed a centaur warrior
   335 | D        | Noticed a centaur
   337 | D        | Killed a centaur
   337 | D        | Reached XP level 9. HP: 39/39 MP: 22/25
   339 | D        | Killed a centaur warrior
   339 | D        | Reached skill level 5 in Ice Magic
   340 | D        | Killed a centaur
   340 | D        | Acquired Dithmenos's second power
   356 | D        | Noticed an unseen horror
   358 | D        | Killed an unseen horror
   358 | D        | Reached skill level 15 in Stealth
   358 | D        | Reached skill level 5 in Poison Magic
   368 | D        | Noticed a killer bee
   368 | D        | Noticed a killer bee
   368 | D        | Noticed a killer bee
   368 | D        | Noticed a killer bee
   368 | D        | Noticed a killer bee
   368 | D        | Noticed a killer bee
   368 | D        | Noticed a killer bee
   368 | D        | Noticed a killer bee
   368 | D        | Noticed a killer bee
   368 | D        | Noticed a killer bee
   368 | D        | Noticed a queen bee
   368 | D        | Noticed a killer bee
   368 | D        | Noticed a killer bee
   368 | D        | Noticed a killer bee
   368 | D        | Noticed a killer bee
   369 | D        | Noticed a killer bee
   369 | D        | Noticed a killer bee
   369 | D        | Noticed a killer bee
   369 | D        | Noticed a killer bee
   369 | D        | Noticed a killer bee
   369 | D        | Noticed a killer bee
   369 | D        | Noticed a killer bee
   369 | D        | Noticed a killer bee
   369 | D        | Noticed a killer bee
   369 | D        | Noticed a killer bee
   369 | D        | Noticed a killer bee
   369 | D        | Noticed a killer bee
   369 | D        | Noticed a killer bee
   369 | D        | Noticed a killer bee
   369 | D        | Noticed a killer bee
   369 | D        | Noticed a killer bee
   369 | D        | Noticed a killer bee
   369 | D        | Noticed a killer bee
   373 | D        | Killed a killer bee
   377 | D        | Killed a killer bee
   379 | D        | Killed a killer bee
   381 | D        | Killed a killer bee
   381 | D        | Acquired Dithmenos's third power
   383 | D        | Killed a killer bee
   385 | D        | Killed a killer bee
   387 | D        | Killed a killer bee
   389 | D        | Killed a killer bee
   391 | D        | Killed a killer bee
   393 | D        | Killed a killer bee
   395 | D        | Killed a killer bee
   395 | D        | Acquired Dithmenos's fourth power
   395 | D        | Reached skill level 5 in Conjurations
   634 | D        | Killed a killer bee
   639 | D        | Killed a killer bee
   639 | D        | Reached XP level 10. HP: 44/44 MP: 22/27
   641 | D        | Killed a killer bee
   643 | D        | Killed a killer bee
   645 | D        | Killed a killer bee
   649 | D        | Killed a killer bee
   654 | D        | Killed a killer bee
   656 | D        | Killed a killer bee
   658 | D        | Killed a killer bee
   660 | D        | Killed a killer bee
   662 | D        | Killed a killer bee
   664 | D        | Killed a killer bee
   835 | D        | Killed a killer bee
   842 | D        | Killed a killer bee
   846 | D        | Killed a killer bee
   848 | D        | Killed a killer bee
   848 | D        | Reached skill level 16 in Stealth
   850 | D        | Killed a killer bee
   852 | D        | Killed a killer bee
   854 | D        | Killed a killer bee
   856 | D        | Killed a killer bee
   858 | D        | Killed a killer bee
   868 | D        | Killed a queen bee
  1012 | D        | Noticed a wandering mushroom
  1013 | D        | Noticed a wandering mushroom
  1013 | D        | Noticed a wandering mushroom
  1014 | D        | Killed a wandering mushroom
  1016 | D        | Killed a wandering mushroom
  1017 | D        | Killed a wandering mushroom
  1096 | D        | Learned a level 8 spell: Lehudib's Crystal Spear
  1100 | D        | Noticed a spiny frog
  1100 | D        | Noticed a komodo dragon
  1100 | D        | Noticed a spiny frog
  1102 | D        | Killed a spiny frog
  1105 | D        | Killed a spiny frog
  1105 | D        | Reached skill level 15 in Dodging
  1105 | D        | Reached skill level 1 in Earth Magic
  1109 | D        | Killed a komodo dragon
  1109 | D        | Reached skill level 10 in Hexes
  1138 | D        | Noticed a redback
  1140 | D        | Killed a redback
  1140 | D        | Reached skill level 17 in Stealth
  1141 | D        | Noticed a brain worm
  1145 | D        | Killed a brain worm
  1150 | D        | Noticed a brain worm
  1152 | D        | Killed a brain worm
  1158 | D        | Noticed a lindwurm
  1160 | D        | Noticed a redback
  1161 | D        | Killed a lindwurm
  1166 | D        | Killed a redback
  1170 | D        | Noticed a redback
  1171 | D        | Killed a redback
  1172 | D        | Noticed Maud
  1174 | D        | Killed Maud
  1174 | D        | Reached skill level 5 in Air Magic
  1174 | D        | Reached XP level 11. HP: 42/47 MP: 27/29
  1209 | D        | Noticed an electric eel
  1210 | D        | Noticed a six-headed hydra
  1210 | D        | Noticed a seven-headed hydra
  1212 | D        | Killed an electric eel
  1214 | D        | Killed a six-headed hydra
  1215 | D        | Killed a seven-headed hydra
  1269 | D        | Noticed a death drake
  1272 | D        | Killed a death drake
  1272 | D        | Reached skill level 18 in Stealth
  1282 | D        | Found a blossoming altar of Fedhas.
  1282 | D        | Noticed a spriggan
  1282 | D        | Noticed a spriggan druid
  1282 | D        | Noticed a spriggan
  1597 | D        | Killed a spriggan druid
  1601 | D        | Killed a spriggan
  1603 | D        | Killed a spriggan
  1653 | D        | Noticed a death drake
  1653 | D        | Noticed a swamp dragon skeleton
  1655 | D        | Killed a death drake
  1656 | D        | Noticed a swamp dragon skeleton
  1659 | D        | Noticed a death drake
  1660 | D        | Found Ibogie Qici's Antique Armour Emporium.
  1660 | D        | Found Eprummap's Distillery.
  1661 | D        | Killed a death drake
  1662 | D        | Killed a swamp dragon skeleton
  1663 | D        | Found Tedeocod's Gadget Shoppe.
  1666 | D        | Killed a swamp dragon skeleton
  1666 | D        | Reached skill level 10 in Short Blades
  1719 | D        | Noticed a swamp drake
  1719 | D        | Noticed a fire drake
  1720 | D        | Killed a fire drake
  1722 | D        | Killed a swamp drake
  1728 | D        | Noticed a blink frog
  1728 | D        | Noticed a blink frog
  1729 | D        | Noticed a blink frog
  1729 | D        | Noticed a blink frog
  1729 | D        | Noticed a blink frog
  1731 | D        | Killed a blink frog
  1733 | D        | Killed a blink frog
  1735 | D        | Killed a blink frog
  1738 | D        | Killed a blink frog
  1740 | D        | Killed a blink frog
  1806 | D        | Noticed Rupert
  1808 | D        | Killed Rupert
  1808 | D        | Reached skill level 19 in Stealth
  1808 | D        | Reached skill level 15 in Spellcasting
  1808 | D        | Reached XP level 12. HP: 51/51 MP: 26/32
  1828 | D        | Noticed a death yak
  1829 | D        | Noticed a death yak
  1829 | D        | Noticed a blink frog
  1830 | D        | Noticed an azure jelly
  1830 | D        | Noticed a death yak
  1830 | D        | Noticed an azure jelly
  1830 | D        | Noticed a blink frog
  1830 | D        | Noticed a death yak
  1831 | D        | Killed a death yak
  1832 | D        | Killed a blink frog
  1833 | D        | Killed a death yak
  1834 | D        | Noticed a blink frog
  1834 | D        | Noticed a black mamba
  1835 | D        | Killed a death yak
  1837 | D        | Killed a blink frog
  1838 | D        | Noticed a black mamba
  1839 | D        | Killed a blink frog
  1839 | D        | Reached skill level 5 in Earth Magic
  1840 | D        | Killed a death yak
  1844 | D        | Killed a black mamba
  1846 | D        | Killed a black mamba
  1858 | D        | Noticed an azure jelly
  1858 | D        | Noticed an azure jelly
  1888 | D        | Noticed an anaconda
  1888 | D        | Noticed a water moccasin
  1897 | D        | Slain by an anaconda

Vault maps used:
D:        dungeon_sprint_mu

Action                   |  1- 3 |  4- 6 |  7- 9 | 10-12 || total
-------------------------+-------+-------+-------+-------++-------
Melee: Dagger            |     8 |     7 |    55 |    95 ||   165
 Cast: Ensorcelled Hiber |       |     1 |    17 |    33 ||    51
       Dazzling Spray    |       |       |     2 |     8 ||    10
       Confuse           |       |       |       |     2 ||     2
Invok: Shadow Step       |       |       |       |    13 ||    13
  Use: Scroll            |       |     4 |       |       ||     4
       Potion            |       |     3 |       |       ||     3
 Stab: Sleeping          |     5 |     7 |    23 |    57 ||    92
       Invisible         |       |       |     1 |     2 ||     3
